 Dungeon Sprint DCSS version 0.26-a0-672-g1df16c3386 (webtiles) character file.

Game seed: 9322294081614103910

59098 mhtbhm the Hoplite (level 14, -13/151 HPs)
             Began as a Minotaur Fighter on Oct 20, 2020.
             Was the Champion of Okawaru.
             Killed from afar by a deep elf annihilator (50 damage)
             ... with an iron shot
             ... in the Dungeon (Sprint IX: "|||||||||||||||||||||||||||||").
             The game lasted 00:11:10 (5202 turns).

mhtbhm the Hoplite (Minotaur Fighter)               Turns: 5202, Time: 00:11:10

Health: -13/151    AC: 18    Str: 31    XL:     14   Next: 51%
Magic:  2/14       EV: 17    Int:  5    God:    Okawaru [******]
Gold:   322        SH: 27    Dex: 11    Spells: 13/13 levels left

rFire    + . .     SeeInvis .   a - +6 morningstar of Suzu Muo {freeze, rC++ Stlth+}
rCold    + + .     Faith    .   c - +1 tower shield
rNeg     . . .     Spirit   .   b - +0 swamp dragon scales
rPois    +         Reflect  .   k - +1 hat {MR+}
rElec    .         Harm     .   y - scarf {repulsion}
rCorr    .         Rampage  .   z - +0 pair of gloves
MR       ++...     NoTele   +   o - +1 pair of boots
Stlth    +++.......             (no amulet)
HPRegen  0.35/turn              G - ring of protection from fire
MPRegen  0.14/turn              B - +6 ring of strength

@: studying 2 skills, repel missiles
A: retaliatory headbutt, horns 2
a: Heroism, Finesse, Renounce Religion


You were in the Dungeon.
You worshipped Okawaru.
Okawaru was exalted by your worship.
You visited 1 branch You collected 1918 gold pieces.
You spent 1596 gold pieces at shops.

Inventory:

Hand Weapons
 a - the +6 morningstar of Suzu Muo (weapon) {freeze, rC++ Stlth+}
   (You found it in the Dungeon)

   It has been specially enchanted to freeze those struck by it, causing extra
   injury to most foes and up to half again as much damage against particularly
   susceptible opponents.
   It can also slow down cold-blooded creatures.
   It greatly protects you from cold.
   It makes you more stealthy.
Armour
 b - +0 swamp dragon scales (worn)
 c - a +1 tower shield (worn)
 k - a +1 hat of magic resistance (worn)
 o - a +1 pair of boots (worn)
 y - a scarf of repulsion (worn)
 z - a +0 pair of gloves (worn)
 I - +0 pearl dragon scales
Jewellery
 q - a +2 ring of evasion
 B - a +6 ring of strength (right hand)
 C - an uncursed ring of see invisible
 E - an uncursed ring of fire
 F - an uncursed ring of protection from cold
 G - a ring of protection from fire (left hand)
Scrolls
 j - 3 scrolls of blinking
 l - 4 scrolls of remove curse
 m - 2 scrolls of amnesia
 t - 4 scrolls of identify
 u - 7 scrolls of enchant weapon
 v - a scroll of fog
 w - 2 scrolls of enchant armour
 x - a scroll of fear
 A - a scroll of magic mapping
 D - a scroll of immolation
Potions
 d - a potion of might
 e - 2 potions of curing
 f - 2 potions of heal wounds
 g - 4 potions of haste
 h - 4 potions of magic
 i - a potion of berserk rage
 n - a potion of lignification {unknown}
 s - 2 potions of brilliance
 H - a potion of stabbing
Books
 p - a manual of Throwing
 r - a manual of Staves


   Skills:
 + Level 21.5 Fighting
   Level 10.6 Long Blades
 + Level 22.2 Maces & Flails
 + Level 17.5 Armour
 + Level 11.5 Dodging
 + Level 6.2 Stealth
 + Level 24.2 Shields
 + Level 1.6 Invocations
   Level 3.3 Evocations


You had 13 spell levels left.
You didn't know any spells.
Your spell library was empty.

Dungeon Overview and Level Annotations

Branches:
Dungeon (1/1)

Altars:
Cheibriados
Dithmenos
Elyvilon
Fedhas
Gozag
Hepliaklqana
Kikubaaqudgha
Makhleb
Nemelex Xobeh
Okawaru
Qazlal
Ru
Sif Muna
Trog
Uskayaw
Vehumet
Wu Jian
Xom
Yredelemnul
Zin
The Shining One
Beogh
Jiyva
Lugonu

Shops:
D ***:


Innate Abilities, Weirdness & Mutations

You reflexively headbutt those who attack you in melee.
You have a pair of horns on your head.


Message History

There is an open door to the Vaults here.
You see here a shapeshifter corpse.
You completely miss the deep elf annihilator.
Your headbutt misses the deep elf annihilator.
The deep elf annihilator is severely wounded.
You block the ice dragon's attack. The ice dragon claws you!
* * * LOW HITPOINT WARNING * * *
The ice dragon completely misses you.
Unknown command.
You feel much better.
You block the deep elf annihilator's attack.
The ice dragon bites you!
* * * LOW HITPOINT WARNING * * *
You block the ice dragon's attack. The ice dragon tramples you.
* * * LOW HITPOINT WARNING * * *
You hold your ground!
You feel much better.
The deep elf annihilator casts a spell at you.
The iron shot hits you!!!
You die...

▓▓▓▓▓▓▓▓▓▓▓▓▓▓▓▓▓▓▓▓▓▓▓▓▓▓▓▓
.o...c)ccpD@e......))(((÷.[)
▓▓▓▓▓▓▓▓▓▓▓▓▓▓▓▓▓▓▓▓▓▓▓▓▓▓▓▓▓▓▓▓▓
.............)[).........○.......
▓▓▓▓▓▓▓▓▓▓▓▓▓▓▓▓▓▓▓▓▓▓▓▓▓▓▓▓♣♣♣♣♣
....)))((.).)))))'........†'†....
▓▓▓▓▓▓▓▓▓▓▓▓▓▓▓▓▓▓▓▓▓▓▓▓▓▓▓▓♣♣♣♣♣
.................................
▓▓▓▓▓▓▓▓▓▓▓▓▓▓▓▓▓▓▓▓▓▓▓▓▓▓▓▓▓▓▓▓▓
........÷)))..).(.(([[[[[[[[[.)))


You could see an ice dragon (strong), a yaktaur captain, a deep elf annihilator,
a centaur warrior (strong), an ironbrand convoker and a yaktaur.

Vanquished Creatures
  A lich (D)
  2 fire giants (D)
  A vault warden (D)
  5 stone giants (D)
  A vampire knight (D)
  2 very ugly things (D)
  An entropy weaver (D)
  2 dire elephants (D)
  A yellow draconian (D)
  Josephine (D)
  3 ettins (D)
  2 fire dragons (D)
  2 ice dragons (D)
  A vault guard (D)
  A boulder beetle (D)
  A catoblepas (D)
  Erica (D)
  A ghost crab (D)
  2 deep troll shamans (D)
  An alligator (D)
  A centaur warrior (D)
  An alligator snapping turtle (D)
  An orc high priest (D)
  A deep troll earth mage (D)
  2 naga sharpshooters (D)
  Nergalle (D)
  2 shock serpents (D)
  A sea snake (D)
  A spriggan druid (D)
  4 deep trolls (D)
  2 wizards (D)
  2 swamp dragons (D)
  An ugly thing (D)
  2 ironbrand convokers (D)
  2 orb spiders (D)
  3 orc knights (D)
  An orc sorcerer (D)
  A moth of wrath (D)
  2 wolf spiders (D)
  2 manticores (D)
  A cyclops (D)
  6 elephants (D)
  A guardian serpent (D)
  2 merfolk sirens (D)
  4 black mambas (D)
  2 cane toads (D)
  2 demonic crawlers (D)
  2 yaktaurs (D)
  3 komodo dragons (D)
  A freezing wraith (D)
  A tengu conjurer (D)
  A jumping spider (D)
  7 trolls (D)
  3 merfolk (D)
  A raiju (shapeshifter) (D)
  A hornet (shapeshifter) (D)
  2 slime creatures (D)
  A blink frog (D)
  A bog body (D)
  A redback (D)
  2 yaks (D)
  A tarantella (D)
  A water elemental (D)
  5 wraiths (D)
  2 wyverns (D)
  Eustachio (D)
  2 basilisks (D)
  A naga (D)
  An insubstantial wisp (D)
  3 water moccasins (D)
  13 orc warriors (D)
  An eye of draining (shapeshifter) (D)
  2 wolves (D)
  A big kobold (D)
  2 bullfrogs (D)
  A howler monkey (D)
  3 hounds (D)
  2 orc priests (D)
  A gnoll shaman (D)
  3 orc wizards (D)
  2 worker ants (D)
  An adder (D)
  An ooze (D)
  2 adder skeletons (D)
  A leopard gecko (D)
  5 orcs (D)
  A bat skeleton (D)
  A goblin (D)
  A bat (D)
  A frilled lizard (D)
  A leopard gecko skeleton (D)
173 creatures vanquished.

Vanquished Creatures (others)
  A hydra (D)
  An ogre mage (D)
  A spriggan druid (D)
  A cane toad (D)
  A giant cockroach zombie (D)
5 creatures vanquished.

Grand Total: 178 creatures vanquished

Notes
Turn   | Place    | Note
-------+----------+-------------------------------------------
     0 | D        | mhtbhm the Minotaur Fighter began the quest for the Orb.
     0 | D        | Reached XP level 1. HP: 19/19 MP: 0/0
    23 | D        | Reached skill level 4 in Shields
    23 | D        | Reached XP level 2. HP: 23/28 MP: 1/1
    97 | D        | Noticed a howler monkey
   101 | D        | Reached skill level 5 in Armour
   105 | D        | Reached skill level 5 in Fighting
   105 | D        | Reached skill level 5 in Shields
   105 | D        | Reached XP level 3. HP: 30/36 MP: 2/2
   106 | D        | Reached skill level 1 in Dodging
   106 | D        | Reached skill level 6 in Shields
   106 | D        | Reached XP level 4. HP: 36/44 MP: 3/3
   122 | D        | Found a roughly hewn altar of Beogh.
   122 | D        | Found a snail-covered altar of Cheibriados.
   122 | D        | Found a shadowy altar of Dithmenos.
   122 | D        | Found a white marble altar of Elyvilon.
   122 | D        | Found a blossoming altar of Fedhas.
   122 | D        | Found an opulent altar of Gozag.
   123 | D        | Found a hazy altar of Hepliaklqana.
   124 | D        | Found a viscous altar of Jiyva.
   125 | D        | Found an ancient bone altar of Kikubaaqudgha.
   126 | D        | Found a corrupted altar of Lugonu.
   127 | D        | Found a burning altar of Makhleb.
   128 | D        | Found a sparkling altar of Nemelex Xobeh.
   129 | D        | Found an iron altar of Okawaru.
   130 | D        | Found a stormy altar of Qazlal.
   131 | D        | Found a sacrificial altar of Ru.
   132 | D        | Found a shimmering blue altar of Sif Muna.
   133 | D        | Found a bloodstained altar of Trog.
   134 | D        | Found a hide-covered altar of Uskayaw.
   135 | D        | Found a radiant altar of Vehumet.
   136 | D        | Found an ornate altar of the Wu Jian Council.
   137 | D        | Became a worshipper of Warmaster Okawaru
   138 | D        | Found a shimmering altar of Xom.
   139 | D        | Found a basalt altar of Yredelemnul.
   140 | D        | Found a glowing silver altar of Zin.
   141 | D        | Found a glowing golden altar of the Shining One.
   222 | D        | Noticed an orc warrior
   222 | D        | Noticed a wraith
   226 | D        | Killed a wraith
   226 | D        | Reached skill level 8 in Shields
   226 | D        | Reached XP level 5. HP: 52/53 MP: 4/4
   228 | D        | Reached XP level 6. HP: 62/62 MP: 5/5
   231 | D        | Reached skill level 9 in Shields
   238 | D        | Killed an orc warrior
   238 | D        | Reached * piety under Okawaru
   396 | D        | Noticed an orc warrior
   396 | D        | Noticed a troll
   406 | D        | Killed a troll
   406 | D        | Reached skill level 10 in Shields
   406 | D        | Reached XP level 7. HP: 46/71 MP: 6/6
   419 | D        | Reached skill level 10 in Long Blades
   419 | D        | Reached skill level 10 in Armour
   427 | D        | Reached ** piety under Okawaru
   429 | D        | Reached skill level 10 in Fighting
   742 | D        | Got the +6 morningstar of Suzu Muo {freeze, rC++ Stlth+}
   756 | D        | Noticed a basilisk
   756 | D        | Noticed a cane toad
   756 | D        | Noticed a yak
   757 | D        | Noticed a black mamba
   759 | D        | Reached skill level 11 in Shields
   765 | D        | Killed a yak
   765 | D        | Reached skill level 1 in Maces & Flails
   765 | D        | Reached skill level 5 in Dodging
   765 | D        | Reached XP level 8. HP: 80/80 MP: 7/7
   770 | D        | Killed a cane toad
   775 | D        | Reached *** piety under Okawaru
   775 | D        | Reached skill level 12 in Shields
   779 | D        | Killed a black mamba
   779 | D        | Reached skill level 5 in Maces & Flails
   779 | D        | Reached XP level 9. HP: 79/89 MP: 8/8
   821 | D        | Noticed a komodo dragon
   821 | D        | Noticed a komodo dragon
   821 | D        | Noticed a cane toad
   824 | D        | Noticed a komodo dragon
   825 | D        | Reached **** piety under Okawaru
   825 | D        | Reached skill level 1 in Stealth
   830 | D        | Killed a cane toad
   835 | D        | Killed a komodo dragon
   835 | D        | Reached skill level 10 in Maces & Flails
   840 | D        | Killed a komodo dragon
   840 | D        | Reached skill level 13 in Shields
   841 | D        | Killed a komodo dragon
   841 | D        | Reached ***** piety under Okawaru
   848 | D        | Reached XP level 10. HP: 28/99 MP: 9/9
  1129 | D        | Noticed a dire elephant
  1129 | D        | Noticed an elephant
  1129 | D        | Noticed an elephant
  1129 | D        | Noticed an elephant
  1129 | D        | Noticed an elephant
  1129 | D        | Noticed a dire elephant
  1139 | D        | Killed a dire elephant
  1139 | D        | Received a gift from Okawaru
  1139 | D        | Reached skill level 1 in Evocations
  1141 | D        | Killed an elephant
  1141 | D        | Noticed an elephant
  1144 | D        | Killed an elephant
  1147 | D        | Killed an elephant
  1154 | D        | Killed a dire elephant
  1154 | D        | Reached skill level 15 in Maces & Flails
  1154 | D        | Reached skill level 14 in Shields
  1162 | D        | Killed an elephant
  1166 | D        | Killed an elephant
  1167 | D        | Noticed an elephant
  1175 | D        | Killed an elephant
  1175 | D        | Reached XP level 11. HP: 47/110 MP: 10/10
  1506 | D        | Noticed an orc knight
  1520 | D        | Killed an orc knight
  1520 | D        | Received a gift from Okawaru
  1671 | D        | Noticed an orc knight
  1674 | D        | Noticed an orc high priest
  1680 | D        | Noticed an orc sorcerer
  1684 | D        | Killed an orc knight
  1686 | D        | Reached skill level 1 in Invocations
  1689 | D        | Noticed an orc knight
  1692 | D        | Killed an orc high priest
  1696 | D        | Killed an orc sorcerer
  1696 | D        | Reached skill level 15 in Fighting
  1696 | D        | Reached skill level 15 in Shields
  1710 | D        | Killed an orc knight
  1873 | D        | Found Vallug's Book Boutique.
  1873 | D        | Noticed a stone giant
  1873 | D        | Noticed a stone giant
  1873 | D        | Noticed an ogre mage
  1873 | D        | Noticed an ettin
  1880 | D        | Killed an ettin
  1884 | D        | Noticed a deep troll
  1888 | D        | Killed an ogre mage
  1890 | D        | Killed a stone giant
  1890 | D        | Reached ****** piety under Okawaru
  1891 | D        | Found Poahufur's General Store.
  1894 | D        | Killed a stone giant
  1896 | D        | Found Cuefum's General Store.
  1907 | D        | Killed a deep troll
  1908 | D        | Noticed a deep troll
  1909 | D        | Found Icrell's Assorted Antiques.
  1911 | D        | Noticed a deep troll
  1912 | D        | Noticed a deep troll
  1914 | D        | HP: 3/115 [deep troll (13)]
  2100 | D        | Killed a deep troll
  2100 | D        | Reached skill level 16 in Shields
  2100 | D        | Reached XP level 12. HP: 51/124 MP: 11/11
  2580 | D        | Received a gift from Okawaru
  2668 | D        | Bought a scroll of blinking for 90 gold pieces
  2668 | D        | Bought a scroll of magic mapping for 42 gold pieces
  2676 | D        | Bought a scroll of enchant weapon for 210 gold pieces
  2676 | D        | Bought a scratched cabochon ring for 140 gold pieces
  2676 | D        | Bought a scroll of identify for 56 gold pieces
  2676 | D        | Bought 2 scrolls labeled QEAJIME ISAQAU for 56 gold pieces
  2676 | D        | Bought a potion of curing for 84 gold pieces
  2676 | D        | Bought a potion of haste for 280 gold pieces
  2682 | D        | Bought a scroll of immolation for 42 gold pieces
  2688 | D        | Bought a +3 plate armour of cold resistance for 540 gold
                  | pieces
  2711 | D        | Bought a scroll of identify for 56 gold pieces
  2714 | D        | Acquired a manual of Throwing
  2722 | D        | Acquired a manual of Staves
  2740 | D        | Noticed Eustachio
  2748 | D        | Killed Eustachio
  2771 | D        | Noticed Erica
  2778 | D        | Killed Erica
  2914 | D        | Noticed a catoblepas
  2931 | D        | Noticed a fire dragon
  2932 | D        | Noticed a lich
  2994 | D        | Killed a lich
  2994 | D        | Reached skill level 17 in Shields
  3044 | D        | Killed a catoblepas
  3044 | D        | Reached skill level 15 in Armour
  3044 | D        | Reached skill level 5 in Stealth
  3048 | D        | Killed a fire dragon
  3065 | D        | Noticed a deep troll shaman
  3075 | D        | Killed a deep troll shaman
  3100 | D        | Noticed an ettin
  3110 | D        | Killed an ettin
  3110 | D        | Reached skill level 10 in Dodging
  3291 | D        | Noticed a five-headed hydra
  3291 | D        | Noticed a ghost crab
  3291 | D        | Noticed an alligator
  3298 | D        | Killed a five-headed hydra
  3299 | D        | Killed an alligator
  3299 | D        | Reached skill level 18 in Shields
  3307 | D        | Killed a ghost crab
  3308 | D        | Received a gift from Okawaru
  3319 | D        | Reached XP level 13. HP: 29/134 MP: 12/12
  3710 | D        | Noticed an entropy weaver
  3723 | D        | Reached skill level 19 in Shields
  3736 | D        | Killed an entropy weaver
  3860 | D        | Received a gift from Okawaru
  3864 | D        | Reached skill level 20 in Shields
  4019 | D        | Reached skill level 21 in Shields
  4233 | D        | Noticed Nergalle
  4248 | D        | Killed Nergalle
  4249 | D        | Noticed Josephine
  4258 | D        | Killed Josephine
  4258 | D        | Received a gift from Okawaru
  4772 | D        | Noticed a fire dragon
  4772 | D        | Noticed a vampire knight
  4772 | D        | Noticed an ettin
  4773 | D        | Noticed a stone giant
  4787 | D        | Killed an ettin
  4793 | D        | Killed a vampire knight
  4793 | D        | Reached skill level 22 in Shields
  4797 | D        | Noticed a stone giant
  4808 | D        | Killed a fire dragon
  4812 | D        | Noticed a white very ugly thing
  4815 | D        | Killed a stone giant
  4815 | D        | Noticed a fire giant
  4816 | D        | Noticed a red very ugly thing
  4821 | D        | Reached XP level 14. HP: 53/148 MP: 13/13
  4826 | D        | Noticed a stone giant
  4829 | D        | Killed a stone giant
  4845 | D        | Killed a white very ugly thing
  4847 | D        | Noticed a fire giant
  4853 | D        | Killed a fire giant
  4859 | D        | Killed a red very ugly thing
  4859 | D        | Received a gift from Okawaru
  4859 | D        | Reached skill level 23 in Shields
  4877 | D        | Killed a stone giant
  4881 | D        | Killed a fire giant
  5147 | D        | Noticed a vault warden
  5161 | D        | Killed a vault warden
  5174 | D        | Reached skill level 24 in Shields
  5200 | D        | HP: 6/151 [ice dragon (14)]
  5202 | D        | Killed from afar by a deep elf annihilator

Illustrated notes

Levels and vault maps discovered:
D:        linesprint [early_d, line_temple, items_1, d_10, items_2, lair_1,
          lair_end, items_3, orc_1, orc_end, items_4, d_15, swamp_1, shoals_1,
          snake_1, spider_1, d_20, vaults_1, items_5, swamp_end, shoals_end,
          snake_end, spider_end, vaults_end, d_27, items_6, zot_1, zot_end,
          crypt_end, forest_end, elf_end, slime_end, tomb_end, abyss_end,
          pan_hell_end]

Skill      XL: |  1  2  3  4  5  6  7  8  9 10 11 12 13 14 |
---------------+-------------------------------------------+-----
Armour         | 4 5 6 8 9 10 11 12 13 14 15 17 | 17.5
Fighting       | 4 5 6 8 9 10 11 12 14 16 18 20 21 | 21.5
Shields        | 4 5 6 8 10 11 12 13 14 16 18 22 24 | 24.2
Long Blades    | 3 4 6 9 10 | 10.6
Dodging        | 1 2 4 5 6 8 10 11 | 11.5
Maces & Flails | 1 5 12 15 18 19 21 22 | 22.2
Stealth        | 1 3 6 |  6.2
Evocations     | 1 2 3 |  3.3
Invocations    | 1 |  1.6

Action                   |  1- 3 |  4- 6 |  7- 9 | 10-12 | 13-15 || total
-------------------------+-------+-------+-------+-------+-------++-------
Melee: Long sword        |    38 |     5 |       |       |       ||    43
       Headbutt          |    11 |    10 |    11 |    61 |    78 ||   171
       Scimitar          |       |    27 |    24 |       |       ||    51
       Morningstar       |       |       |    57 |   228 |   289 ||   574
Invok: Heroism           |       |       |       |     1 |     1 ||     2
Evoke: Wand              |       |       |     1 |     9 |       ||    10
  Use: Potion            |       |       |       |     8 |     6 ||    14
       Scroll            |       |       |       |     4 |       ||     4
 Stab: Invisible         |       |       |       |     2 |       ||     2
       Petrifying        |       |       |       |     2 |       ||     2
       Petrified         |       |       |       |     1 |       ||     1
Armor: Scale mail        |    15 |     2 |       |       |       ||    17
       Chain mail        |       |     6 |    15 |    34 |       ||    55
       Plate armour      |       |       |       |    31 |    27 ||    58
       Swamp dragon scal |       |       |       |       |    14 ||    14
Dodge: Dodged            |    10 |    19 |    25 |    68 |    59 ||   181
       Repelled          |       |       |       |     1 |     2 ||     3
Block: Kite shield       |    16 |    20 |    43 |    85 |       ||   164
       Tower shield      |       |       |       |    64 |   251 ||   315
       Rpst.: Long sword |     4 |     1 |       |       |       ||     5
       Scimitar          |       |     1 |     2 |       |       ||     3

Table legend: (Time is in decaauts)
 A = Elapsed time spent in this place.
 B = Non-inter-level travel time spent in this place.
 C = Inter-level travel time spent in this place.
 D = Time resting spent in this place.
 E = Time spent auto-exploring this place.
 F = Levels seen in this place.
 G = Mean time per level.
                   A        B        C        D        E       F      G
               +--------+--------+--------+--------+--------+-----+--------+
         Total |   5088 |   5088 |      0 |   2292 |   1212 |   1 | 5088.0 |
       Dungeon |   5088 |   5088 |      0 |   2292 |   1212 |   1 | 5088.0 |
               +--------+--------+--------+--------+--------+-----+--------+

Top non-repeatable levels by time:
       D: 5088 daAuts
